 Dungeon Crawl Stone Soup version 0.31.0-12-g77e489cdc1 (webtiles) character file.

Game seed: 9725561436145971237

1056 McKennaii the Conjurer (level 7, -1/50 HPs)
             Began as a Demigod Conjurer on Feb 11, 2024.
             Slain by an orc warrior
             ... wielding a +0 glaive
              (9 damage)
             ... on level 6 of the Dungeon.
             The game lasted 00:07:05 (7276 turns).

McKennaii the Conjurer (Demigod Conjurer)           Turns: 7276, Time: 00:07:06

Health: -1/50      AC: 13    Str:  8    XL:     7   Next: 77%
Magic:  3/19       EV: 11    Int: 28    God:
Gold:   247        SH:  0    Dex: 12    Spells: 10/17 levels left

rFire   + . .        q - +2 falchion (holy)
rCold   . . .        (no shield)
rNeg    . . .        p - +3 leather armour {rF+}
rPois   .            a - +0 helmet
rElec   .            o - +1 cloak {Will+}
rCorr   .            (no gloves)
SInv    .            (no boots)
Will    +....        (no amulet)
Stlth   ++           n - +4 ring of protection
HPRegen 0.28/turn    (no ring)
MPRegen 0.16/turn

%: no passive effects
@: no status effects
A: high MP 1, forlorn, divine attributes
a: no special abilities


You were on level 6 of the Dungeon.
You visited 1 branch of the dungeon, and saw 6 of its levels.
You also visited: Ossuary.

You collected 247 gold pieces.

Inventory:

Hand Weapons
 q - a +2 falchion of holy wrath (weapon)
Armour
 a - a +0 helmet (worn)
 o - a +1 cloak of willpower (worn)
 p - a +3 leather armour of fire resistance (worn)
Jewellery
 n - a +4 ring of protection (left hand)
Wands
 m - a wand of iceblast (10)
 u - a wand of charming (5)
 v - a wand of quicksilver (1)
Scrolls
 e - 2 scrolls of noise {unknown}
 f - 2 scrolls of blinking {unknown}
 g - 7 scrolls of identify {unknown}
 h - a scroll of revelation {unknown}
 j - a scroll of butterflies {unknown}
 k - 4 scrolls of teleportation {unknown}
Potions
 b - a potion of magic
 c - 3 potions of curing {unknown}
 d - 2 potions of degeneration {unknown}
 i - a potion of heal wounds {unknown}
 l - 2 potions of ambrosia {unknown}
 r - a potion of lignification {unknown}
 s - a potion of invisibility {unknown}
 t - 2 potions of haste {unknown}


   Skills:
 - Level 1.7 Dodging
 - Level 1.7 Stealth
 + Level 5.8 Spellcasting
 + Level 7.1 Conjurations


You had 10 spell levels left.
You knew the following spells:

 Your Spells              Type           Power      Damage    Failure   Level
a - Magic Dart            Conj           100%       1d8       1%          1
b - Searing Ray           Conj           96%        2d7       1%          2
c - Iskenderun's Mystic   Conj/Tloc      28%        2d7       21%         4

Your spell library contained the following spells:

 Spells                   Type           Power      Damage    Failure   Level
 Hailstorm                Conj/Ice       28%        3d8       6%          3
 Freeze                   Ice            32%        1d5       9%          1
 Ensorcelled Hibernation  Hex/Ice        16%        N/A       14%         2
 Fulminant Prism          Conj/Alch      14%        3d8       21%         4
 Frozen Ramparts          Ice            16%        1d3       26%         3
 Passwall                 Erth           8%         N/A       26%         3
 Swiftness                Air            8%         N/A       26%         3


Dungeon Overview and Level Annotations

Branches:
Dungeon (6/15)             Temple (0/1) D:5         Ossuary (visited)


Innate Abilities, Weirdness & Mutations

You have an increased reservoir of magic. (+10% MP)
You shall have no god before yourself.
Your divine heritage dramatically boosts your attributes as you level up.


Message History

You kill the orc!
You finish channelling your searing ray.
Unknown command.
The magic dart hits the orc warrior but does no damage.
Casting: Magic Dart (safe; 1% risk of failure)
Confirm with . or Enter, or press ? or * to list all spells.
Aiming: Searing Ray (safe; 1% risk of failure)
Press: ? - help, Shift-Dir - straight line, f/p - orc warrior
Aim: an orc warrior, wielding a +0 glaive and wearing a +0 plate armour (83% to hit)
The searing ray misses the orc warrior. (Press . to maintain the ray.) Unknown command.
The searing ray hits the orc warrior but does no damage.
The searing ray hits the orc warrior but does no damage.
The orc warrior misses you.
The searing ray hits the orc warrior!
The orc warrior is moderately wounded.
You finish channelling your searing ray.
The orc warrior hits you from afar with a +0 glaive!
Unknown command.
Casting: Searing Ray (safe; 1% risk of failure)
Confirm with . or Enter, or press ? or * to list all spells.
Aiming: Searing Ray (safe; 1% risk of failure)
Press: ? - help, Shift-Dir - straight line, f/p - orc warrior
Aim: an orc warrior, wielding a +0 glaive and wearing a +0 plate armour (moderately wounded, 83% to hit)
The searing ray hits the orc warrior!
The orc warrior is severely wounded. (Press . to maintain the ray.)
The orc warrior hits you from afar with a +0 glaive!
The searing ray misses the orc warrior.
The orc warrior hits you from afar with a +0 glaive!
* * * LOW HITPOINT WARNING * * *
The searing ray misses the orc warrior.
The orc warrior barely misses you.
Unknown command.
Aiming: Quicksilver Bolt
Press: ? - help, Shift-Dir - straight line, f/p - orc warrior
Aim: an orc warrior, wielding a +0 glaive and wearing a +0 plate armour (severely wounded, 71% to hit)
The bolt of dispelling energy misses the orc warrior.
The orc warrior hits you from afar with a +0 glaive!
You die...

####### #......
#.#####
####.#############.#
...))o.@...........#
####################


You could see an orc warrior.

Vanquished Creatures
  Eustachio (D:4)
  A phantom (D:5)
  2 scorpions (D:5)
  2 wights (Ossuary)
  2 burial acolytes (Ossuary)
  2 howler monkeys
  A jelly (D:5)
  Crazy Yiuf (D:4)
  A hound (D:4)
  2 iguanas
  An orc wizard (D:6)
  Natasha (thrice) (D:4)
  Robin (D:4)
  6 adders
  3 gnolls (D:4)
  A white imp (D:5)
  2 adder skeletons (Ossuary)
  2 dart slugs (D:3)
  A ribbon worm (D:4)
  7 orcs
  10 endoplasms
  17 giant cockroaches
  9 goblins
  9 hobgoblins
  8 kobolds
  A quokka (D:2)
  6 ball pythons
  A ball python skeleton (Ossuary)
  2 bats
  2 frilled lizards
  2 goblin zombies (D:5)
  2 hobgoblin skeletons (Ossuary)
  A kobold skeleton (Ossuary)
  3 orc skeletons (Ossuary)
  3 rats
118 creatures vanquished.

Notes
Turn   | Place    | Note
-------+----------+-------------------------------------------
     0 | D:1      | McKennaii the Demigod Conjurer began the quest for the Orb.
     0 | D:1      | Reached XP level 1. HP: 14/14 MP: 5/5
   935 | D:2      | Reached XP level 2. HP: 16/20 MP: 0/7
   938 | D:2      | Learned a level 2 spell: Searing Ray
  1025 | D:2      | Reached skill level 4 in Conjurations
  1393 | D:2      | Reached XP level 3. HP: 11/26 MP: 2/9
  2126 | D:3      | Noticed a +0 hand axe
  2126 | D:3      | Noticed a +0 dagger
  2404 | D:3      | Reached XP level 4. HP: 32/33 MP: 0/11
  2989 | D:3      | Learned a level 4 spell: Iskenderun's Mystic Blast
  3384 | D:4      | Noticed Natasha
  3388 | D:4      | Killed Natasha
  3395 | D:3      | Reached XP level 5. HP: 33/38 MP: 2/13
  3474 | D:4      | Noticed Natasha
  3481 | D:3      | Reached skill level 5 in Conjurations
  3590 | D:4      | Killed Natasha
  3692 | D:4      | Noticed Natasha
  3698 | D:4      | Killed Natasha
  3963 | D:4      | Found a runed translucent door.
  3964 | D:4      | Noticed Crazy Yiuf
  3988 | D:4      | Noticed Eustachio
  4295 | D:4      | Killed Eustachio
  4296 | D:4      | Reached XP level 6. HP: 25/45 MP: 2/15
  4494 | D:4      | Noticed Robin
  4531 | D:4      | Killed Robin
  4667 | D:4      | Reached skill level 6 in Conjurations
  5378 | D:4      | Killed Crazy Yiuf
  5442 | D:5      | Entered Level 5 of the Dungeon
  5657 | D:5      | Found a sand-covered staircase.
  5754 | Ossuary  | Entered an ossuary
  5952 | Ossuary  | Reached skill level 5 in Spellcasting
  5952 | Ossuary  | Reached XP level 7. HP: 34/50 MP: 5/17
  6642 | D:5      | Found a staircase to the Ecumenical Temple.
  6811 | D:5      | Reached skill level 7 in Conjurations
  7276 | D:6      | Slain by an orc warrior

Illustrated notes

Levels and vault maps discovered:
D:1:      dpeg_arrival_stonehenge_12_columns, layout_loops_corners
D:2:      layout_loops_ring
D:3:      minmay_roachtagon, layout_loops_corners, dancing_weapons_uskayaw,
          grunt_qazlal_clouds
D:4:      layout_layer_cave, grunt_temple_overflow_open, serial_rivers,
          chequers_serial_rivers_small_b, chequers_serial_rivers_room_a,
          chequers_serial_rivers_micro_c, chequers_serial_rivers_micro_d,
          chequers_serial_rivers_small_3, uniq_crazy_yiuf_cottage, uniq_natasha,
          uniq_robin, uniq_eustachio
D:5:      layout_loops_corners, nicolae_overflow_crystal_walls,
          minmay_temple_entry_trees, enter_ossuary_4
D:6:      layout_loops_ring, sigmund_army

Skill      XL: |  1  2  3  4  5  6  7 |
---------------+----------------------+-----
Spellcasting   | 2 3 4 5 |  5.8
Conjurations   | 4 5 6 7 |  7.1
Dodging        | |  1.7
Stealth        | |  1.7

Action                     |  1- 3 |  4- 6 |  7- 9 || total
---------------------------+-------+-------+-------++-------
  Melee: Unarmed           |     6 |    27 |       ||    33
         Falchion          |       |    28 |     8 ||    36
   Cast: Magic Dart        |    84 |    92 |    27 ||   203
         Searing Ray       |       |    29 |     5 ||    34
  Evoke: Wand              |       |       |     3 ||     3
   Stab: Sleeping          |       |     3 |       ||     3
 Armour: Robe              |    15 |    88 |       ||   103
         Leather armour    |       |    27 |    21 ||    48
  Dodge: Dodged            |    19 |   113 |     8 ||   140
